 Dungeon Crawl Stone Soup version 0.29.1-12-g30fa7ad0bf (webtiles) character file.

Game seed: 8277465402180143085

43 mopl the Sneak (level 3, -2/24 HPs)
             Began as an Octopode Brigand on Dec 29, 2022.
             Slain by an iguana (8 damage)
             ... on level 4 of the Dungeon.
             The game lasted 00:01:11 (939 turns).

mopl the Sneak (Octopode Brigand)                    Turns: 939, Time: 00:01:12

Health: -2/24      AC:  1    Str: 10    XL:     3   Next: 58%
Magic:  3/3        EV: 13    Int: 15    God:
Gold:   115        SH:  0    Dex: 13    Spells: 1/2 levels left

rFire   . . .      SeeInvis .   a - +2 dagger
rCold   . . .      Faith    .   (no shield)
rNeg    . . .      Spirit   .   (helmet restricted)
rPois   .          Reflect  .   (no amulet)
rElec   .          Harm     .   (no ring)
rCorr   .          Rampage  .   (no ring)
Will    .....                   (no ring)
Stlth   ++++......              (no ring)
HPRegen 0.08/turn               (no ring)
MPRegen 0.08/turn               (no ring)
                                (no ring)
                                (no ring)

@: no status effects
A: almost no armour, amphibious, 8 rings, camouflage 1, gelatinous body 1,
(nimble swimmer 1), tentacles
a: no special abilities


You were on level 4 of the Dungeon.
You visited 1 branch of the dungeon, and saw 3 of its levels.

You collected 115 gold pieces.

Inventory:

Hand Weapons
 a - a +2 dagger (weapon)
Missiles
 b - 9 poisoned darts (quivered)
 c - 3 curare-tipped darts
Magical Staves
 f - a staff of fire
Scrolls
 d - 5 scrolls of identify {unknown}
 e - a scroll of fear {unknown}
 g - a scroll of poison {unknown}
 h - a scroll of brand weapon {unknown}
 i - a scroll of enchant armour {unknown}
 j - a scroll of vulnerability {unknown}


   Skills:
 - Level 2.0 Fighting
 + Level 2.5 Short Blades
 + Level 2.5 Throwing
 + Level 1.8 Dodging
 + Level 5.8 Stealth


You had one spell level left.
You knew the following spells:

 Your Spells              Type           Power      Damage    Failure   Level
a - Apportation           Tloc           0%         N/A       26%         1

Your spell library contained the following spells:

 Spells                   Type           Power      Damage    Failure   Level
 Necrotise                Necr           0%         1d4       26%         1
 Summon Small Mammal      Summ           0%         N/A       26%         1
 Sublimation of Blood     Necr           0%         N/A       38%         2
 Gell's Gravitas          Tloc           0%         N/A       63%         3
 Lesser Beckoning         Tloc           0%         N/A       63%         3
 Teleport Other           Tloc           0%         N/A       63%         3
 Petrify                  Tmut/Erth      0%         N/A       95%         4
 Irradiate                Conj/Tmut      0%         3d11      100%        5


Dungeon Overview and Level Annotations

Branches:
Dungeon (4/15)
 Temple: D:4-7

Altars:


Innate Abilities, Weirdness & Mutations

You cannot wear most types of armour.
You are amphibious.
You can wear up to eight rings at the same time.
Your skin changes colour to match your surroundings (Stealth+).
Your rubbery body absorbs attacks. (AC +1, EV +1)
((You are camouflaged when in or above water. (Stealth+)))
You have tentacles for arms and can constrict up to eight enemies at once.


Message History

You see here a frilled lizard corpse.
d - 5 scrolls labelled APAXEHAWEO (gained 1)
You now have 87 gold pieces (gained 15).
You see here a frilled lizard corpse.
You open the door.
A sourceless malevolence fills the Dungeon...
You fall into a shaft and drop 2 floors!
The shaft crumbles and collapses.
Found a robe and 16 gold pieces.
Found a stone staircase leading down.
You now have 103 gold pieces (gained 16).
You now have 115 gold pieces (gained 12).
An iguana comes into view.
An iguana is nearby!
You closely miss the iguana.
The iguana hisses angrily.
Your grab misses the iguana. You barely miss the iguana.
Your grab misses the iguana. The iguana barely misses you.
You hit the iguana. Your grab misses the iguana.
The iguana is lightly wounded.
The iguana bites you!
You hit the iguana. You grab the iguana.
The iguana is lightly wounded.
You constrict the iguana, but do no damage.
The iguana misses you.
You hit the iguana.
You squeeze the iguana, but do no damage.
The iguana is heavily wounded.
You constrict the iguana. The iguana bites you.
You are too injured to fight recklessly!
You are too injured to fight recklessly!
You hit the iguana.
The iguana is severely wounded.
You constrict the iguana, but do no damage.
The iguana bites you.
* * * LOW HITPOINT WARNING * * *
You hit the iguana but do no damage.
The iguana is severely wounded.
You constrict the iguana. The iguana bites you!
You die...

#.# ..# #.# #.# # #.#
#. #.# #..
#.##########
#...####...........
#....@............. .#
#.#.l........######..#
#.!..........#......
.................>#
#............#.##.# #
#.#..........#.##.# .#
...+..........#.##.#
.# .#
#..........#...[#..#
###+#########.#..#


You could see an iguana.

Vanquished Creatures
  An adder (D:2)
  5 bats
  6 endoplasms (D:1)
  A giant cockroach (D:1)
  2 hobgoblins (D:1)
  2 quokkas
  6 ball pythons
  2 frilled lizards
  2 goblins (D:1)
  4 kobolds
  2 rats (D:2)
33 creatures vanquished.

Notes
Turn   | Place    | Note
-------+----------+-------------------------------------------
     0 | D:1      | mopl the Octopode Brigand began the quest for the Orb.
     0 | D:1      | Reached XP level 1. HP: 14/14 MP: 1/1
   221 | D:1      | Reached XP level 2. HP: 11/19 MP: 2/2
   521 | D:1      | Reached XP level 3. HP: 18/24 MP: 3/3
   650 | D:1      | Learned a level 1 spell: Apportation
   910 | D:2      | You fall into a shaft and drop 2 floors!
   939 | D:4      | Slain by an iguana

Illustrated notes

Levels and vault maps discovered:
D:1:      co_arrival_hexagon_in_a_hexagon, layout_basic,
          minmay_tree_intersection, minmay_tetromino_t4
D:2:      layout_basic
D:4:      wad_pebble_path, layout_basic, vehumet_crystals,
          fedhas_altar_decomposition, minmay_temple_entry_tees

Action                   || total
-------------------------++-------
Melee: Dagger            ||    61
       Tentacles         ||    11
       Constrict         ||    13
 Stab: Sleeping          ||    13
Armor: Skin              ||     7
Dodge: Dodged            ||    34
